 Dungeon Crawl Stone Soup version 0.29.1-13-g9f3cf754e1 (webtiles) character file.

Game seed: 18430994173485554739

5 growler the Trooper (level 1, -2/17 HPs)
             Began as a Demonspawn Wanderer on Feb 6, 2023.
             Frozen to death by an endoplasm (4 damage)
             ... on level 1 of the Dungeon.
             The game lasted 00:00:41 (126 turns).

growler the Trooper (Demonspawn Wanderer)            Turns: 126, Time: 00:00:42

Health: -2/17      AC:  5    Str: 13    XL:     1   Next: 66%
Magic:  2/2        EV: 10    Int: 11    God:
Gold:   0          SH:  0    Dex: 13    Spells: 1/2 levels left

rFire   . . .      SeeInvis .   a - +0 rapier
rCold   . . .      Faith    .   (no shield)
rNeg    . . .      Spirit   .   d - +0 leather armour
rPois   .          Reflect  .   f - +0 helmet
rElec   .          Harm     .   b - +0 cloak
rCorr   .          Rampage  .   (no gloves)
Will    .....                   (no boots)
Stlth   ++........              (no amulet)
HPRegen 0.05/turn               (no ring)
MPRegen 0.08/turn               (no ring)

@: no status effects
A: no striking features
a: no special abilities


You were on level 1 of the Dungeon.
You visited 1 branch of the dungeon, and saw 1 of its levels.

Inventory:

Hand Weapons
 a - a +0 rapier (weapon)
Armour
 b - a +0 cloak (worn)
 d - a +0 leather armour (worn)
 f - a +0 helmet (worn)
Potions
 c - a potion of attraction
 e - a potion of mutation {unknown}


   Skills:
 + Level 2.5 Fighting
 - Level 1.7 Short Blades
 - Level 1.7 Stealth
 - Level 1.0 Spellcasting
 - Level 1.0 Fire Magic
 - Level 1.2 Invocations
 - Level 1.0 Evocations


You had one spell level left.
You knew the following spells:

 Your Spells              Type           Power      Damage    Failure   Level
a - Foxfire               Conj/Fire      4%         2x1d4     32%         1

Your spell library contained the following spells:

 Spells                   Type           Power      Damage    Failure   Level
 Ignite Poison            Fire/Tmut/Pois 1%         N/A       73%         3


Dungeon Overview and Level Annotations

Branches:
Dungeon (1/15)

Altars:


Message History

The jackal bites you but does no damage.
The jackal bites you. The quokka attacks as you move away!
The quokka bites you. The jackal attacks as you move away!
The jackal bites you but does no damage.
A ball python comes into view.
The jackal barely misses you.
The endoplasm jiggles.
The kobold throws a stone.
The stone closely misses you.
The jackal bites you but does no damage.
The kobold throws a stone.
The stone hits you but does no damage.
The jackal bites you but does no damage.
The jackal attacks as you move away! The jackal bites you. x2
Found a scroll labelled VOBIAS MEFUILO.
An endoplasm comes into view.
The endoplasm quivers.
You closely miss the jackal. The jackal closely misses you.
The jackal bites you but does no damage.
You closely miss the jackal. The jackal barely misses you.
You barely miss the jackal. The jackal closely misses you.
The jackal bites you but does no damage.
You barely miss the jackal.
The jackal bites you but does no damage.
You hit the jackal.
The jackal is moderately wounded.
The jackal bites you but does no damage.
The jackal barely misses you.
You hit the jackal but do no damage.
The jackal is moderately wounded.
The endoplasm barely misses you. The kobold closely misses you.
The jackal bites you but does no damage.
You hit the jackal but do no damage.
The jackal is moderately wounded.
The jackal bites you.
* * * LOW HITPOINT WARNING * * *
The kobold hits you with a +0 short sword.
* * * LOW HITPOINT WARNING * * *
The endoplasm freezes you.
You are frozen.
You die...

... ........ ### ....
####K...##.. ....
......K.†#.### ##..###
#..J..#?..#
......########r...#.#...
#.......### #h.K......#
####.##...# #..#.#.##.#
#.<..#.#.# #h##K#.....
#....#.#.###hh@J......
##'#+##.#)....##.##...#
##..# ..#..†..# ... #
#..## ..#...........#
...# ................?
..## ...#..............
### ....#.....#........
# ... .>....#........
###.#...#.#.....


You could see an endoplasm, 3 jackals and a kobold.

Vanquished Creatures
  A hobgoblin (D:1)
  A ball python (D:1)
  5 rats (D:1)
7 creatures vanquished.

Notes
Turn   | Place    | Note
-------+----------+-------------------------------------------
     0 | D:1      | growler the Demonspawn Wanderer began the quest for the
                  | Orb.
     0 | D:1      | growler set off with the following items: a +0 rapier, a +0
                  | cloak, a potion of attraction, a +0 leather armour; and the
                  | following spell memorised: Foxfire; and the following
                  | spells available to memorise: Ignite Poison.
     0 | D:1      | Reached XP level 1. HP: 16/16 MP: 2/2
   126 | D:1      | Frozen to death by an endoplasm

Illustrated notes

Levels and vault maps discovered:
D:1:      dpeg_arrival_ratfight, layout_basic,
          hellmonk_ecumenical_altar_pennies_from_heaven, minmay_misc_feat_room

Action                   || total
-------------------------++-------
Melee: Rapier            ||    20
 Stab: Sleeping          ||     1
Armor: Leather armour    ||    16
Dodge: Dodged            ||    17
